 Dungeon Crawl Stone Soup version 0.22-a0-596-gfbd32a6 (webtiles) character file.

67 Gildeon the Magician (level 3, -4/19 HPs)
             Began as a Deep Elf Fire Elementalist on July 5, 2018.
             Slain by a hornet (12 damage)
             ... on level 3 of the Dungeon.
             The game lasted 00:10:05 (1315 turns).

Gildeon the Magician (Deep Elf Fire Elementalist)   Turns: 1315, Time: 00:10:06

Health: -4/19      AC:  3    Str:  5    XL:     3   Next: 98%
Magic:  10/10      EV: 13    Int: 20    God:
Gold:   104        SH:  0    Dex: 15    Spells: 1/10 levels left

rFire    x . .     SeeInvis .   f - +4 dagger (speed)
rCold    + . .     Gourm    .   (no shield)
rNeg     . . .     Faith    .   a - +0 robe
rPois    .         Spirit   .   (no helmet)
rElec    .         Reflect  .   (no cloak)
rCorr    .         Harm     .   (no gloves)
MR       .....                  q - +0 pair of boots
Stlth    ++........             (no amulet)
HPRegen  0.06/turn              n - ring of ice
MPRegen  0.12/turn              (no ring)

@: lethally poisoned (-4 -> -11)
A: no striking features
a: no special abilities


You were on level 3 of the Dungeon.
You were not hungry.

You visited 1 branch of the dungeon, and saw 3 of its levels.

You collected 104 gold pieces.

Inventory:

Hand Weapons
 f - a +4 dagger of speed (weapon)
Armour
 a - a +0 robe (worn)
 p - a +3 leather armour
 q - a +0 pair of boots (worn)
Jewellery
 n - a ring of ice (left hand)
Scrolls
 b - a scroll of identify
 e - 2 scrolls of teleportation
 i - 2 scrolls of fog
Potions
 d - a potion of curing
 g - a potion of magic {unknown}
 j - a potion of resistance {unknown}
 k - a potion of haste {unknown}
 o - 2 potions of might {unknown}
 r - a potion of heal wounds {unknown}
 s - a potion of ambrosia {unknown}
 t - a potion of brilliance {unknown}
Comestibles
 c - 3 rations
 h - 14 chunks of flesh


   Skills:
 - Level 2.4 Dodging
 - Level 2.4 Stealth
 + Level 4.1 Spellcasting
 + Level 2.5 Conjurations
 + Level 4.1 Fire Magic


You had one spell level left.
You knew the following spells:

 Your Spells              Type           Power        Failure   Level  Hunger
a - Flame Tongue          Conj/Fire      ###..        3%          1    None
b - Throw Flame           Conj/Fire      ###...       4%          2    #......
c - Conjure Flame         Conj/Fire      ###.....     10%         3    ###....
d - Inner Flame           Hex/Fire       ##......     16%         3    ###....

Your spell library contained the following spells:

 Spells                   Type           Power        Failure   Level  Hunger
 Fireball                 Conj/Fire      ###.......   65%         5    ######.
 Sticky Flame             Conj/Fire      ###.....     32%         4    ####...


Dungeon Overview and Level Annotations

Branches:
Dungeon (3/15)

Altars:
Ashenzari


Message History

A hornet comes into view.
The hornet buzzes angrily.
Casting: Flame Tongue (safe; 3% risk of failure)
Confirm with . or Enter, or press ? or * to list all spells.
Aiming: Flame Tongue (safe; 3% risk of failure)
Press: ? - help, Shift-Dir - straight line, f - quokka
Aim: a quokka The flame tongue hits the quokka.
You kill the quokka!
A kobold comes into view.
The kobold shouts!
The hornet barely misses you. The hornet stings you!
You are poisoned.
You feel yourself slow down.
You feel sick. The hornet completely misses you.
You feel yourself speed up.
You feel sick. The hornet stings you!
Ouch! That really hurt!
You die...

#... ... #..# #.# # #..#
#.# #######.#.## #..# #.#
#.w..wK....#
#..###.########.####.....#
#...............####.......
##.###.#####..............#
#.# #........y...........#
#.# #######..@..####..##.#
#.# #.....####..# # #.#
##..<.....#..#
#.########...........
#...........###.##.#.
###########.# .# .# #.# .#
# #.# .. #.# #


You could see a hornet and a dart slug.

Vanquished Creatures
  An adder (D:2)
  An ooze (D:2)
  2 worms (D:2)
  4 dart slugs
  A leopard gecko (D:2)
  2 giant cockroaches
  3 hobgoblins (D:2)
  3 quokkas
  A ball python (D:2)
  7 bats
  4 frilled lizards
  2 goblins (D:2)
  5 kobolds (D:1)
  6 rats
42 creatures vanquished.

Notes
Turn   | Place    | Note
-------+----------+-------------------------------------------
     0 | D:1      | Gildeon the Deep Elf Fire Elementalist began the quest for the Orb.
     0 | D:1      | Reached XP level 1. HP: 10/10 MP: 6/6
   142 | D:1      | Reached XP level 2. HP: 15/15 MP: 6/8
   152 | D:1      | Learned a level 2 spell: Throw Flame
   471 | D:1      | Found a shattered altar of Ashenzari.
   727 | D:2      | Reached XP level 3. HP: 19/19 MP: 8/10
   732 | D:2      | Learned a level 3 spell: Conjure Flame
   736 | D:2      | Learned a level 3 spell: Inner Flame
  1305 | D:3      | Noticed a hornet
  1315 | D:3      | Slain by a hornet

Vault maps used:
D:1:      dpeg_arrival_water_altar, hangedman_decor_growths
D:3:      old_standard_altar, first_ration

Skill      XL: |  1  2  3 |
---------------+----------+-----
Conjurations   | 2 |  2.5
Fire Magic     | 4 |  4.1
Spellcasting   | 4 |  4.1
Dodging        | |  2.4
Stealth        | |  2.4

Action                   || total
-------------------------++-------
Melee: Dagger            ||    11
 Cast: Flame Tongue      ||    61
  Use: Scroll            ||     7
 Stab: Sleeping          ||     6
  Eat: Chunk             ||     1
Armor: Robe              ||     4
Dodge: Dodged            ||    22

Table legend:
 A = Spawn XP
 B = Non-spawn XP
 C = Spawn XP percentage of total XP
 D = Spawn monster count
 E = Non-spawn monster count
 F = Spawn count percentage of total count
 G = Total turns spent on level
                    A         B        C        D         E        F      G
               +---------+---------+-------+---------+---------+-------+---------
         Total |       0 |      96 |   0.0 |       0 |      42 |   0.0 |  1315
               +---------+---------+-------+---------+---------+-------+---------
           D:1 |       0 |      29 |   0.0 |       0 |      18 |   0.0 |   510
           D:2 |       0 |      61 |   0.0 |       0 |      22 |   0.0 |   744
           D:3 |       0 |       6 |   0.0 |       0 |       2 |   0.0 |    61
               +---------+---------+-------+---------+---------+-------+---------
